 Seeded DCSS version 0.27-a0-1188-g73eefd5def (webtiles) character file.

Game seed: 16767568107801894396 (custom seed)

976 Shayle the Ducker (level 7, -5/57 HPs)
             Began as a Vampire Enchanter on May 20, 2021.
             Was an Initiate of Vehumet.
             Killed from afar by an electric eel (9 damage)
             ... with a bolt of electricity
             ... on level 6 of the Dungeon on May 21, 2021.
             The game lasted 00:16:39 (5208 turns).

Shayle the Ducker (Vampire Enchanter)               Turns: 5208, Time: 00:16:40

Health: -5/57      AC:  6    Str: 12    XL:     7   Next: 95%
Magic:  10/10      EV: 15    Int: 22    God:    Vehumet [......]
Gold:   233        SH:  6    Dex: 18    Spells: 4/10 levels left

rFire    . . .     SeeInvis +   j - +7 broad axe "Hihunas" {vorpal, rPois rCorr Str+4 Dex+3}
rCold    . . .     Faith    .   m - +2 buckler
rNeg     . . .     Spirit   .   b - +0 robe
rPois    +         Reflect  .   y - +2 helmet
rElec    .         Harm     .   s - +0 cloak
rCorr    +         Rampage  .   (no gloves)
Will     .....                  (no boots)
Stlth    +++.......             (no amulet)
HPRegen  0.39/turn              l - ring "Soyvyr" {Fly Int+4 SInv}
MPRegen  0.12/turn              (no ring)

@: flying, healing quickly
A: alive, fangs 3, see invisible, vampiric 2
a: Exsanguinate, Renounce Religion


You were on level 6 of the Dungeon.
You worshipped Vehumet.
Vehumet was noncommittal.
You visited 2 branches of the dungeon, and saw 7 of its levels.

You collected 279 gold pieces.
You spent 46 gold pieces at shops.

Inventory:

Hand Weapons
 a - a +1 dagger
 j - the +7 broad axe "Hihunas" (weapon) {vorpal, rPois rCorr Str+4 Dex+3}
   (You acquired it on level 2 of the Dungeon)

   It inflicts extra damage upon your enemies.
   It affects your strength (+4).
   It affects your dexterity (+3).
   It protects you from poison.
   It protects you from acid and corrosion.
 k - the +8 demon blade "Leech" {vamp, *Rage +Rage rN+}
   (You acquired it on level 2 of the Dungeon)

   It inflicts no extra harm, but heals its wielder when it wounds a living foe.
   It protects you from negative energy.
   It lets you go berserk.
   It may make you go berserk in combat.
Missiles
 h - 25 poisoned darts (quivered)
 v - 2 silver boomerangs
Armour
 b - a +0 robe (worn)
 m - a +2 buckler (worn)
 s - a +0 cloak (worn)
 y - a +2 helmet (worn)
Jewellery
 c - a ring of magical power
 l - the ring "Soyvyr" (left hand) {Fly Int+4 SInv}
   (You acquired it on level 2 of the Dungeon)

   [ring of flight]

   It affects your intelligence (+4).
   It lets you see invisible.
   It grants you flight.
 x - an amulet of faith
Wands
 w - a wand of iceblast (11)
Scrolls
 d - a scroll of enchant armour {unknown}
 e - a scroll of amnesia {unknown}
 f - a scroll of vulnerability {unknown}
 n - a scroll of torment {unknown}
 o - 5 scrolls of identify {unknown}
 q - 2 scrolls of blinking {unknown}
 t - a scroll of holy word {unknown}
 u - a scroll of teleportation {unknown}
Potions
 g - a potion of invisibility {unknown}
 i - 2 potions of flight
 p - 2 potions of berserk rage {unknown}
 r - 2 potions of attraction {unknown}
 z - a potion of curing {unknown}


   Skills:
 + Level 5.7 Fighting
 - Level 1.1 Short Blades
 + Level 7.3 Dodging
 - Level 4.4 Stealth
 - Level 2.0 Spellcasting
 - Level 4.4 Hexes
 + Level 0.3 Earth Magic
 + Level 0.2 Evocations


You had 4 spell levels left.
You knew the following spells:

 Your Spells              Type           Power      Damage    Failure   Level
a - Corona                Hex            23%        N/A       3%          1
b - Ensorcelled Hibernat  Hex/Ice        22%        N/A       14%         2
c - Stone Arrow           Conj/Erth      4%         3d7       54%         3

Your spell library contained the following spells:

 Spells                   Type           Power      Damage    Failure   Level
 Confusing Touch          Hex            21%        N/A       12%         3
 Tukima's Dance           Hex            21%        N/A       12%         3
 Animate Skeleton         Necr           4%         N/A       22%         1
 Apportation              Tloc           4%         N/A       22%         1
 Beastly Appendage        Tmut           4%         N/A       22%         1
 Summon Small Mammal      Summ           8%         N/A       22%         1
 Dazzling Flash           Conj/Hex       22%        N/A       28%         3
 Corpse Rot               Necr/Air       N/A        N/A       34%         2
 Wereblood                Tmut           2%         N/A       34%         2
 Gell's Gravitas          Tloc           1%         N/A       56%         3
 Spider Form              Tmut/Pois      1%         N/A       56%         3
 Petrify                  Tmut/Erth      2%         N/A       91%         4
 Ice Form                 Ice/Tmut       2%         N/A       92%         4
 Metabolic Englaciation   Hex/Ice        5%         N/A       95%         5
 Yara's Violent Unravell  Hex/Tmut       5%         3d4       95%         5
 Hydra Form               Tmut           1%         N/A       99%         5
 Summon Forest            Summ/Tloc      1%         N/A       99%         5
 Eringya's Noxious Bog    Tmut/Pois      1%         N/A       100%        6
 Summon Hydra             Summ           1%         N/A       100%        7


Dungeon Overview and Level Annotations

Branches:
Dungeon (6/15)             Temple (1/1) D:5

Altars:
Cheibriados
Elyvilon
Fedhas
Gozag
Hepliaklqana
Makhleb
Nemelex Xobeh
Okawaru
Ru
Uskayaw
Vehumet
Wu Jian
Xom
Zin
The Shining One

Shops:
D:1 !   D:2 ::!(*   D:5 [(   D:6 [

Annotations:
D:3 3 runed translucent doors, CougarLife's ghost, amateur GnTm; karrick's ghost, weakling DrEn


Innate Abilities, Weirdness & Mutations

Your natural rate of healing is accelerated.
You have razor-sharp teeth.
You have supernaturally acute eyesight. (SInv)
You are afflicted with vampirism and can become a bat while bloodless.


Message History

You hit the bullfrog zombie.
You destroy the bullfrog zombie!
Vehumet accepts your kill.
Found a stone staircase leading down.
An electric eel comes into view.
Found 13 gold pieces. 2 electric eels come into view.
The helpless electric eel fails to defend itself.
You hit the electric eel but do no damage.
The electric eel shoots out a bolt of lightning at you!
The bolt of electricity hits you.
You completely miss the electric eel.
The electric eel shoots out a bolt of lightning at you!
The bolt of electricity hits the electric eel.
The electric eel completely resists.
The bolt of electricity hits you but does no damage.
The electric eel shoots out a bolt of lightning at you!
The bolt of electricity hits you!
The electric eel shoots out a bolt of lightning at you!
The bolt of electricity hits you! x2
The electric eel shoots out a bolt of lightning at you!
The bolt of electricity hits you!
* * * LOW HITPOINT WARNING * * *
The electric eel shoots out a bolt of lightning at you!
The bolt of electricity hits you.
* * * LOW HITPOINT WARNING * * *
The bolt of electricity misses you.
The bolt of electricity hits the electric eel.
The electric eel completely resists.
The bolt of electricity hits the plant.
The plant begins to die.
Okay, then.
Okay, then.
Okay, then.
Okay, then.
Okay, then.
It was a potion of flight.
You feel more buoyant.
The electric eel shoots out a bolt of lightning at you!
The bolt of electricity hits you!
You die...

.P≈≈.≈≈.≈≈♣........
+........
≈≈.≈≈≈≈≈≈≈.+####...
≈.≈≈≈≈≈≈≈≈....###########
.≈≈≈≈≈.≈≈♣...............
.≈≈≈≈.≈.♣................
......♣...............>.
#########...........#
♣≈♣#######.?.## ♣♣♣
#...@....# #$.#.....+
♣..≈;....# ......≈P≈...#
≈≈P≈.≈≈≈≈≈###
≈≈≈;≈.≈≈≈≈≈≈
≈≈≈≈≈.≈≈≈≈≈PP
♣♣≈;≈.≈≈≈≈≈P≈≈
♣♣≈≈.≈≈≈≈≈≈≈≈♣


You could see 2 electric eels.

Vanquished Creatures
  An ogre (D:4)
  2 necrophages
  3 scorpions
  A water moccasin skeleton (D:4)
  A wyvern skeleton (D:3)
  A bullfrog zombie (D:6)
  2 hounds
  A jelly (D:5)
  A bullfrog skeleton (D:5)
  Jessica (D:2)
  Terence (D:3)
  3 iguanas
  A hound skeleton (D:5)
  A howler monkey skeleton (D:6)
  3 adders
  3 worms
  5 dart slugs
  9 orcs
  8 ball pythons
  3 endoplasms
  4 giant cockroaches
  4 goblins
  8 hobgoblins
  15 jackals
  2 kobolds
  7 quokkas
  9 bats
  2 frilled lizards
  5 rats
107 creatures vanquished.

Vanquished Creatures (others)
  5 plants (D:6)
  6 withered plants (D:3)
11 creatures vanquished.

Grand Total: 118 creatures vanquished

Notes
Turn   | Place    | Note
-------+----------+-------------------------------------------
     0 | D:1      | Shayle the Vampire Enchanter began the quest for the Orb.
     0 | D:1      | Reached XP level 1. HP: 13/13 MP: 3/3
   142 | D:1      | Reached skill level 1 in Fighting
   142 | D:1      | Reached XP level 2. HP: 18/21 MP: 5/5
   361 | D:1      | Reached skill level 3 in Dodging
   442 | D:1      | Learned a level 2 spell: Ensorcelled Hibernation
   483 | D:1      | Found Diutwad's Distillery.
   626 | D:1      | Gained mutation: You are afflicted with vampirism and can
                  | become a bat while bloodless. [Vampire growth]
   626 | D:1      | Reached XP level 3. HP: 18/26 MP: 0/6
  1216 | D:2      | Found Teehij's Book Shoppe.
  1234 | D:2      | Noticed Jessica
  1239 | D:2      | Killed Jessica
  1240 | D:2      | Reached XP level 4. HP: 33/33 MP: 7/7
  1255 | D:2      | Found Yhugen's Distillery.
  1432 | D:2      | Found Xeatox's Weapon Boutique.
  1611 | D:2      | Reached skill level 4 in Dodging
  1702 | D:2      | Found a faded altar of an unknown god.
  1961 | D:2      | Found Sidd's Assorted Antiques.
  1964 | D:2      | Bought 2 scrolls labelled ZUMAISOSKEU for 46 gold pieces
  2296 | D:2      | Found Isyupont's Book Shoppe.
  2309 | D:2      | Acquired the +7 broad axe "Hihunas" {vorpal, rPois rCorr
                  | Str+4 Dex+3}
  2310 | D:2      | Acquired the +8 demon blade "Leech" {vamp, *Rage +Rage rN+}
  2311 | D:2      | Found the +8 demon blade "Leech" {vamp, *Rage +Rage rN+}
  2311 | D:2      | Acquired the ring "Soyvyr" {Fly Int+4 SInv}
  2445 | D:3      | Reached XP level 5. HP: 18/41 MP: 8/8
  2982 | D:3      | Found a runed translucent gate.
  2982 | D:3      | Found a runed translucent gate.
  2982 | D:3      | Found a runed translucent gate.
  2995 | D:3      | Noticed CougarLife's ghost (amateur GnTm)
  2995 | D:3      | Noticed karrick's ghost (weakling DrEn)
  3110 | D:3      | Noticed Terence
  3123 | D:3      | Killed Terence
  3578 | D:4      | Reached skill level 5 in Dodging
  3585 | D:4      | Noticed a necrophage
  3731 | D:4      | Killed a necrophage
  3732 | D:4      | Reached XP level 6. HP: 37/48 MP: 9/9
  3858 | D:4      | Reached skill level 6 in Dodging
  3975 | D:4      | Reached XP level 7. HP: 41/55 MP: 10/10
  4140 | D:5      | Entered Level 5 of the Dungeon
  4140 | D:5      | Found Vaseimnedi's Antique Armour Emporium.
  4282 | D:5      | Reached skill level 5 in Fighting
  4499 | D:5      | Found a staircase to the Ecumenical Temple.
  4508 | Temple   | Entered the Ecumenical Temple
  4582 | Temple   | Became a worshipper of Vehumet
  4602 | D:5      | Reached skill level 7 in Dodging
  4885 | D:5      | Found Wumesok's Antique Weapon Shop.
  5024 | D:6      | Found Coam's Armour Boutique.
  5049 | D:6      | Learned a level 3 spell: Stone Arrow
  5208 | D:6      | Killed from afar by an electric eel

Illustrated notes

Levels and vault maps discovered:
D:1:      dpeg_arrival_pits, layout_loops_ring, serial_shops, shop,
          minmay_pentomino_w4
D:2:      layout_basic, serial_shops, nicolae_shop_behind_doors, shop,
          shop_statue, shop, nicolae_shop_statue_plus,
          shapermc_ecumenical_altar_totnotflames, uniq_jessica
D:3:      layout_loops_corners, good_gods_mini_temple, gammafunk_ghost_cemetery,
          uniq_terence, uniq_crazy_yiuf_cottage
D:4:      layout_rooms, minmay_misc_feat_tower, minivault_11
D:5:      layout_basic, minmay_temple_entry_junction, serial_shops,
          nicolae_shop_waterfront, shop
D:6:      layout_gridville, gammafunk_temple_overflow_claw, serial_bayou,
          serial_bayou_pond_b, serial_bayou_pond_a, serial_bayou_lagoon_b,
          serial_shops, kennysheep_little_box, kennysheep_mini, shop, shop,
          uniq_blork_the_orc
Temple:   nicolae_temple_hex_pool

Skill      XL: |  1  2  3  4  5  6  7 |
---------------+----------------------+-----
Fighting       | 1 2 3 4 5 |  5.7
Dodging        | 3 4 5 6 7 |  7.3
Short Blades   | |  1.1
Stealth        | |  4.4
Spellcasting   | |  2.0
Hexes          | |  4.4
Earth Magic    | |  0.3
Evocations     | |  0.2

Action                   |  1- 3 |  4- 6 |  7- 9 || total
-------------------------+-------+-------+-------++-------
Melee: Dagger            |   161 |    78 |       ||   239
       Bite              |    13 |    13 |     5 ||    31
       Broad axe         |       |    68 |    55 ||   123
Throw: Dart              |       |     1 |       ||     1
 Cast: Ensorcelled Hiber |     6 |     9 |       ||    15
       Corona            |       |     2 |       ||     2
  Use: Scroll            |       |     3 |       ||     3
       Potion            |       |       |     1 ||     1
 Stab: Sleeping          |    10 |    26 |     3 ||    39
       Distracted        |       |     1 |     1 ||     2
Armor: Robe              |    26 |    14 |    10 ||    50
Dodge: Dodged            |   125 |   106 |    42 ||   273
Block: Buckler           |       |    18 |    17 ||    35

Table legend: (Time is in decaauts)
 A = Elapsed time spent in this place.
 B = Non-inter-level travel time spent in this place.
 C = Inter-level travel time spent in this place.
 D = Time resting spent in this place.
 E = Time spent auto-exploring this place.
 F = Levels seen in this place.
 G = Mean time per level.
                   A        B        C        D        E       F      G
               +--------+--------+--------+--------+--------+-----+--------+
         Total |   5275 |   5118 |    157 |    516 |   3208 |   7 |  753.6 |
       Dungeon |   5191 |   5044 |    147 |    516 |   3140 |   6 |  865.2 |
        Temple |     84 |     74 |     10 |      0 |     68 |   1 |   84.0 |
               +--------+--------+--------+--------+--------+-----+--------+

Top non-repeatable levels by time:
     D:1: 1212 daAuts
     D:3: 1189 daAuts
     D:2: 1115 daAuts
     D:5: 817 daAuts
     D:4: 657 daAuts
     D:6: 199 daAuts
  Temple: 84 daAuts
